 Dungeon Crawl Stone Soup version 0.25-a0-561-g0977b4d109 (webtiles) character file.

Game seed: 8954071362226460428, levelgen mode: deterministic

434 Flugslaktarn the Chopper (level 6, -4/57 HPs)
             Began as a Deep Dwarf Fighter on Feb 25, 2020.
             Slain by a centaur (5 damage)
             ... on level 5 of the Dungeon.
             The game lasted 00:01:36 (1849 turns).

Flugslaktarn the Chopper (Deep Dwarf Fighter)       Turns: 1849, Time: 00:01:36

Health: -4/57      AC: 10    Str: 21    XL:     6   Next: 68%
Magic:  5/5        EV:  5    Int:  9    God:
Gold:   37         SH: 10    Dex: 12    Spells: 5/5 levels left

rFire    . . .     SeeInvis .   g - +0 broad axe
rCold    . . .     Gourm    .   c - +0 kite shield
rNeg     . . .     Faith    .   i - +0 chain mail
rPois    .         Spirit   .   (no helmet)
rElec    .         Reflect  .   p - +0 cloak
rCorr    .         Harm     +   (no gloves)
MR       .....                  (no boots)
Stlth    ..........             m - amulet of harm
HPRegen  0.00/turn              (no ring)
MPRegen  0.09/turn              (no ring)

@: non-regenerating
A: damage resistance, heal wounds, sense surroundings 1, no regeneration
a: Heal Wounds


You were on level 5 of the Dungeon.
You were not hungry.

You visited 1 branch of the dungeon, and saw 5 of its levels.

You collected 175 gold pieces.
You spent 138 gold pieces at shops.

Inventory:

Hand Weapons
 g - a +0 broad axe (weapon)
   (You found it on level 5 of the Dungeon)
Armour
 c - a +0 kite shield (worn)
 i - a +0 chain mail (worn)
   (You found it on level 4 of the Dungeon)
 p - a +0 cloak (worn)
   (You found it on level 2 of the Dungeon)
Jewellery
 m - an amulet of harm (around neck)
   (You found it on level 2 of the Dungeon)
Wands
 v - a wand of paralysis (4)
   (You found it on level 4 of the Dungeon)
Scrolls
 b - a scroll of magic mapping
 j - 2 scrolls of immolation
 t - 2 scrolls of teleportation
 w - 3 scrolls of remove curse
Potions
 d - 2 potions of might
 h - a potion of haste
 k - 2 potions of flight
 l - 2 potions of brilliance {unknown}
 q - a potion of lignification {unknown}
 s - a potion of curing {unknown}
 u - a potion of stabbing {unknown}
Comestibles
 e - 6 rations
 f - 7 chunks of flesh


   Skills:
 + Level 3.9 Fighting
 * Level 5.2 Axes
 + Level 4.7 Armour
 + Level 4.7 Shields


You had 5 spell levels left.
You didn't know any spells.
Your spell library was empty.

Dungeon Overview and Level Annotations

Branches:
Dungeon (5/15)
 Temple: D:4-7

Altars:
Nemelex Xobeh
Qazlal

Shops:
D:5 *

Annotations:
D:4 2 transporters, Esekla's ghost, amateur DEWz


Innate Abilities, Weirdness & Mutations

You are resistant to damage.
You can heal yourself by infusing magical energy.
You passively map a small area around you.
You do not regenerate.


Message History

You miss something. You completely miss the centaur.
The centaur barely misses you. You block something's attack.
You block the centaur's attack.
The centaur hits you but does no damage.
You block something's attack. The centaur hits you.
You closely miss the centaur.
The centaur is severely wounded.
You hit the centaur. You barely miss something. The centaur barely misses you.
The centaur hits you but does no damage.
The centaur hits you.
* * * LOW HITPOINT WARNING * * *
Something hits you but does no damage. You block the centaur's attack.
You fail to use your ability.
The centaur hits you but does no damage.
The centaur hits you.
* * * LOW HITPOINT WARNING * * *
You block something's attack.
An orc priest comes into view. It is wielding a +0 hand axe.
The centaur hits you.
You die...

*,,**,*,**,,,,,* *,*,*,,_8_,*
*,,*,,*,**,,,..# *,*,*,,,,,,*
*,,#.#*,*,,,...# *,*,*,,,,,,*
*,,#.#*,*,,,...#
**,,,,,,*,***
*,,(..,,*,##.#.# *,,,,,,,,,*
***#.#**#,#..#.# *,**,**,***
#.# #.#.##.# *,#*,,*,* #.#
#.#.##.###o#**,*,*
##.####.[)...{@c.#**,*,*
#.....###(.####c......,*
#.###.###†.##........#*******
#.# #(........#.#####.,,,,,,*
###.########.####.#
**,*****,* .....# #.#***.#
*,,,,,**,*** .#.#.# *#!>,,,.#
*,,,,,,,,,,, .....##
*...#**## *,,,*,**,***
.#.#..# *,..# *,,,,,,,,*


You could see 2 centaurs and an orc priest.

Vanquished Creatures
  An ogre (D:4)
  A centaur (D:5)
  A howler monkey (D:5)
  An orc wizard (D:4)
  An orc priest (D:4)
  An iguana (D:5)
  A worker ant (D:4)
  A gnoll (D:1)
  4 adders
  A shadow imp (D:5)
  2 adder skeletons
  A worm (D:5)
  A dart slug (D:3)
  4 leopard geckos
  9 orcs
  A bat zombie (D:2)
  2 giant cockroaches
  4 goblins
  4 hobgoblins
  5 kobolds
  5 bats
  A jackal zombie (D:5)
  8 rats
60 creatures vanquished.

Notes
Turn   | Place    | Note
-------+----------+-------------------------------------------
     0 | D:1      | Flugslaktarn the Deep Dwarf Fighter began the quest for the
                  | Orb.
     0 | D:1      | Reached XP level 1. HP: 20/20 MP: 1/1
    47 | D:1      | Reached XP level 2. HP: 27/27 MP: 2/2
   147 | D:1      | Reached skill level 3 in Axes
   147 | D:1      | Reached XP level 3. HP: 22/33 MP: 3/3
   276 | D:2      | Found a sparkling altar of Nemelex Xobeh.
   735 | D:4      | Noticed an ogre
   745 | D:4      | HP: 1/34 [ogre/cursed -1 giant spiked club (25)]
   748 | D:4      | Killed an ogre
   748 | D:4      | Reached skill level 4 in Axes
   748 | D:4      | Reached XP level 4. HP: 9/42 MP: 3/3
   748 | D:4      | Reached XP level 5. HP: 11/49 MP: 4/4
   852 | D:4      | Found a transporter.
  1128 | D:4      | Found a stormy altar of Qazlal.
  1282 | D:4      | Noticed Esekla's ghost (amateur DEWz)
  1283 | D:4      | Found a transporter.
  1672 | D:5      | Entered Level 5 of the Dungeon
  1677 | D:5      | Found Siun's Assorted Antiques.
  1686 | D:5      | Reached XP level 6. HP: 44/56 MP: 5/5
  1688 | D:5      | Bought a scroll labeled UFAVAM YCVICK for 20 gold pieces
  1688 | D:5      | Bought a scroll labeled FILIFYU YGISU for 20 gold pieces
  1688 | D:5      | Bought a scroll labeled ULOUGI MAIZE for 20 gold pieces
  1688 | D:5      | Bought a scroll labeled HAAD PANOLEPT for 20 gold pieces
  1688 | D:5      | Bought a scroll labeled ZOHUAH VA NYGA for 20 gold pieces
  1688 | D:5      | Bought a scroll labeled ICHIJU UMIU for 20 gold pieces
  1688 | D:5      | Bought a green potion for 18 gold pieces
  1732 | D:5      | Reached skill level 5 in Axes
  1849 | D:5      | HP: 1/57 [centaur (3)]
  1849 | D:5      | Slain by a centaur

Levels and vault maps discovered:
D:1:      mainiacjoe_arrival_reflecting_pool, layout_basic
D:2:      layout_rooms, overflow_temple_1_default, serial_undead,
          serial_undead_a, serial_undead_d, serial_undead_f, serial_undead_d,
          minmay_pentomino_pile
D:3:      layout_loops_corners, minmay_misc_feat_iff
D:4:      layout_layer_cave, marbit_many_paths, gammafunk_ghost_mausoleum,
          first_ration
D:5:      layout_loops_cross, chequers_temple_overflow_statue_of_worship,
          serial_shops, nicolae_shop_trees, glass_columns_a

Skill      XL: |  1  2  3  4  5  6 |
---------------+-------------------+-----
Axes           | 3 4 5 |  5.2
Fighting       | 3 |  3.9
Armour         | 4 |  4.7
Shields        | 4 |  4.7

Action                   |  1- 3 |  4- 6 || total
-------------------------+-------+-------++-------
Melee: War axe           |   104 |    64 ||   168
       Broad axe         |       |    21 ||    21
 Abil: Heal Wounds       |     3 |     5 ||     8
  Use: Scroll            |       |    11 ||    11
  Eat: Chunk             |       |     3 ||     3
Armor: Scale mail        |    72 |       ||    72
       Chain mail        |       |    52 ||    52
Dodge: Dodged            |    61 |    15 ||    76
Block: Kite shield       |    81 |    67 ||   148

Table legend:
 A = Non-vault XP
 B = Vault XP
 C = Vault XP percentage of total XP
 D = Non-vault monster count
 E = Vault monster count
 F = Vault count percentage of total count
                 A         B        C        D         E       F
            +---------+---------+-------+---------+---------+-------
      Total |     601 |      20 |   3.2 |      57 |       3 |   5.0
            +---------+---------+-------+---------+---------+-------
        D:1 |      45 |       0 |   0.0 |      20 |       0 |   0.0
        D:2 |      22 |       7 |  24.1 |       6 |       2 |  25.0
        D:3 |      12 |       0 |   0.0 |       7 |       0 |   0.0
        D:4 |     278 |      13 |   4.5 |      13 |       1 |   7.1
        D:5 |     244 |       0 |   0.0 |      11 |       0 |   0.0
            +---------+---------+-------+---------+---------+-------
